 Dungeon Crawl Stone Soup version 0.28-a0-723-g095bd1b44f (webtiles) character file.

Game seed: 5996554665608117451

9 MrPagan1517 the Cudgeller (level 2, -1/29 HPs)
             Began as a Gnoll Cinder Acolyte on Oct 26, 2021.
             Was a High Priest of Ignis.
             Slain by a hobgoblin (4 damage)
             ... on level 1 of the Dungeon.
             The game lasted 00:01:34 (408 turns).

MrPagan1517 the Cudgeller (Gnoll Cinder Acolyte)     Turns: 408, Time: 00:01:35

Health: -1/29      AC:  2    Str: 13    XL:     2   Next: 16%
Magic:  5/5        EV: 11    Int: 13    God:    Ignis [*****.]
Gold:   16         SH:  0    Dex:  7    Spells: 6/6 levels left

rFire   + . .      SeeInvis .   a - -1 mace (flame)
rCold   . . .      Faith    .   (no shield)
rNeg    . . .      Spirit   .   b - +0 robe
rPois   .          Reflect  .   (no helmet)
rElec   .          Harm     .   (no cloak)
rCorr   .          Rampage  .   (no gloves)
Will    .....                   (no boots)
Stlth   +.........              (no amulet)
HPRegen 0.09/turn               (no ring)
MPRegen 0.09/turn               (no ring)

@: no status effects
A: fangs 1, strong nose, distributed training
a: Renounce Religion, Sea of Fire, Foxfire Swarm, Rising Flame


You were on level 1 of the Dungeon.
You worshipped Ignis.
Ignis was extremely pleased with you.
You visited 1 branch of the dungeon, and saw 1 of its levels.

You collected 16 gold pieces.

Inventory:

Hand Weapons
 a - a -1 mace of flaming (weapon)
Armour
 b - a +0 robe (worn)


   Skills:
 + Level 6.4 Fighting
 + Level 0.3 Short Blades
 + Level 0.3 Long Blades
 + Level 0.3 Axes
 + Level 6.4 Maces & Flails
 + Level 0.3 Polearms
 + Level 0.3 Staves
 + Level 0.3 Slings
 + Level 0.3 Bows
 + Level 0.3 Crossbows
 + Level 0.3 Throwing
 + Level 0.3 Armour
 + Level 0.3 Dodging
 + Level 0.3 Stealth
 + Level 0.3 Shields
 + Level 0.3 Unarmed Combat
 + Level 2.7 Spellcasting
 + Level 0.2 Conjurations
 + Level 0.2 Hexes
 + Level 0.2 Summonings
 + Level 0.2 Necromancy
 + Level 0.2 Translocations
 + Level 0.2 Transmutations
 + Level 5.3 Fire Magic
 + Level 0.2 Ice Magic
 + Level 0.2 Air Magic
 + Level 0.2 Earth Magic
 + Level 0.2 Poison Magic
 + Level 0.4 Invocations
 + Level 0.3 Evocations


You had 6 spell levels left.
You didn't know any spells.
Your spell library contained the following spells:

 Spells                   Type           Power      Damage    Failure   Level
 Scorch                   Fire           30%        2d7       4%          2


Dungeon Overview and Level Annotations

Branches:
Dungeon (1/15)

Altars:


Innate Abilities, Weirdness & Mutations

You have very sharp teeth.
Your uncanny sense of smell can sniff out nearby items.
Your experience applies equally to all skills.


Message History

You escape the ball python's grasp.
The goblin shouts!
The hobgoblin barely misses you.
You hit the ball python. You burn the ball python.
You kill the ball python!
The hobgoblin barely misses you. The rat barely misses you.
You have reached level 2!
The hobgoblin hits you. The rat bites you but does no damage.
You closely miss the hobgoblin. The hobgoblin hits you.
The rat barely misses you.
You hit the hobgoblin. You burn the hobgoblin.
The hobgoblin is severely wounded.
The hobgoblin closely misses you. The rat bites you.
You hit the hobgoblin but do no damage. Your bite misses the hobgoblin.
The hobgoblin is severely wounded.
The hobgoblin barely misses you. The hobgoblin hits you. The rat bites you.
You hit the hobgoblin. You burn the hobgoblin.
You kill the hobgoblin!
The rat misses you.
You hit the hobgoblin but do no damage. The goblin barely misses you.
The hobgoblin barely misses you. The rat misses you.
You barely miss the goblin. The goblin closely misses you.
The hobgoblin hits you but does no damage.
The rat bites you.
You closely miss the goblin. The goblin barely misses you.
The hobgoblin closely misses you. The rat bites you.
You closely miss the goblin. The goblin hits you with a +0 club.
The hobgoblin hits you.
* * * LOW HITPOINT WARNING * * *
The rat barely misses you.
You sock the goblin! You burn the goblin.
You kill the goblin!
The hobgoblin closely misses you. The rat barely misses you.
The hobgoblin barely misses you. The rat barely misses you.
Things that are here:
a +0 club; a goblin corpse The hobgoblin barely misses you.
The rat bites you.
* * * LOW HITPOINT WARNING * * *
You barely miss the hobgoblin. The hobgoblin hits you.
You die...

#...#.##.##.........#####
......#...#.#.....#.†....
..#.......##...##......
## #.##...#.###+###......
..#...#.##.# ####### #
#...#.....# ...##.#.##.##
.....#..g#.###... ∆
#....@).......
#.#?.r#.###... ...##.##.#
.... .... .# ### ##### ##


You could see a hobgoblin and a rat.

Vanquished Creatures
  3 ball pythons (D:1)
  A hobgoblin (D:1)
  A bat (D:1)
  2 goblins (D:1)
  2 rats (D:1)
9 creatures vanquished.

Notes
Turn   | Place    | Note
-------+----------+-------------------------------------------
     0 | D:1      | MrPagan1517 the Gnoll Cinder Acolyte began the quest for
                  | the Orb.
     0 | D:1      | Reached XP level 1. HP: 23/23 MP: 4/4
   396 | D:1      | Reached XP level 2. HP: 23/29 MP: 5/5
   408 | D:1      | Slain by a hobgoblin

Illustrated notes

Levels and vault maps discovered:
D:1:      lightli_arrival_statue_moat, layout_loops_corners,
          serial_co_window_serial, co_window_of_opportunity_a,
          co_window_of_opportunity_a, co_window_of_opportunity_a,
          co_window_paths_a, co_window_cross_1, co_window_corner_ca,
          co_window_broadway_a, co_window_corner_cb, co_window_broadway_c,
          co_window_broadway_a, co_window_broadway_b, co_window_paths_c,
          hangedman_decor_clover_reticule

Action                   || total
-------------------------++-------
Melee: Mace              ||    23
Armor: Robe              ||    12
Dodge: Dodged            ||    34

Table legend: (Time is in decaauts)
 A = Elapsed time spent in this place.
 B = Non-inter-level travel time spent in this place.
 C = Inter-level travel time spent in this place.
 D = Time resting spent in this place.
 E = Time spent auto-exploring this place.
 F = Levels seen in this place.
 G = Mean time per level.
                   A        B        C        D        E       F      G
               +--------+--------+--------+--------+--------+-----+--------+
         Total |    409 |    409 |      0 |      0 |    327 |   1 |  409.0 |
       Dungeon |    409 |    409 |      0 |      0 |    327 |   1 |  409.0 |
               +--------+--------+--------+--------+--------+-----+--------+

Top non-repeatable levels by time:
     D:1: 409 daAuts
